AoeStats
← 苏东坡的粉丝

African Clearing

510747288Analyzed
3v3 RM · 1d ago on Oct 2, 2026· 45m 1s· 6 players
Game mode
Random Map
Map size
Normal (6 player)
Population
200
Speed
Normal
Resources
Standard
Victory
Conquest
Starting age
Dark Age
Ending age
Imperial Age
RankedLock teamsTeams togetherTeam positionsShared explorationLock speedFull tech treeHidden civsTurbo modeCheats
Victory
Defeat
🇹🇼 Cumans · Taiwan
1659
+10
🇹🇼 Berbers · Taiwan
1647
+11
🇹🇼 Japanese · Taiwan
1631
+11
🇨🇳 Turks · China
1586
-12
🇭🇰 Teutons · Hong Kong SAR China
1507
-10
🇹🇼 Varangians · Taiwan
1493
-10
苏东坡的粉丝
7:27 Loom
14:28 Feudal Age
19:13 Castle Age
17:17 Double-Bit Axe
18:57 Padded Archer Armor
20:41 Bow Saw
22:22 Leather Archer Armor
25:35 Wheelbarrow
26:15 Wheelbarrow
28:56 Gold Mining
28:56 Stone Mining
33:06 Gold Shaft Mining
36:44 Imperial Age
34:37 Horse Collar
34:50 Town Watch
38:29 Guilds
39:18 Conscription
40:07 Ring Archer Armor
39:28 Fletching
43:51 Ballistics
43:47 Bodkin Arrow
大漁哥哥
10:21 Loom
12:36 Feudal Age
13:23 Double-Bit Axe
15:34 Bloodlines
17:15 Horse Collar
20:40 Castle Age
20:03 Forging
23:15 Bow Saw
24:44 Scale Barding Armor
26:28 Gold Mining
30:27 Chain Barding Armor
31:53 Wheelbarrow
31:20 Heavy Plow
34:25 Iron Casting
36:37 Stone Mining
38:04 Hand Cart
39:23 Husbandry
43:31 Imperial Age
Game project 0001
9:23 Loom
13:41 Feudal Age
20:48 Castle Age
20:29 Scale Barding Armor
20:10 Double-Bit Axe
20:09 Horse Collar
21:30 Scale Barding Armor
24:37 Town Watch
26:56 Chain Barding Armor
36:03 Fletching
37:01 Bodkin Arrow
40:57 Imperial Age
41:04 Masonry
41:09 Stone Mining
42:51 Chemistry
BøM_antihack.exe
11:40 Loom
13:47 Feudal Age
15:11 Town Watch
18:30 Castle Age
16:46 Double-Bit Axe
17:19 Fletching
17:31 Fishing Lines
19:12 Bodkin Arrow
20:02 Bow Saw
21:32 Gold Mining
23:05 Padded Archer Armor
27:05 Horse Collar
29:36 Gold Shaft Mining
29:35 Gillnets
33:28 Ballistics
33:21 Bloodlines
34:30 Stone Mining
34:57 Husbandry
36:51 Thumb Ring
41:31 Imperial Age
41:07 Wheelbarrow
42:13 Bracer
43:15 Chemistry
41:36 Heavy Cavalry Archer
42:41 Parthian Tactics
43:18 Leather Archer Armor
45:05 Ring Archer Armor
Tensorflow
8:33 Loom
11:35 Feudal Age
12:22 Double-Bit Axe
12:24 Horse Collar
18:57 Wheelbarrow
18:08 Town Watch
20:47 Fletching
21:03 Scale Barding Armor
21:08 Forging
22:21 Forging
24:37 Bloodlines
27:38 Castle Age
28:21 Bodkin Arrow
29:35 Padded Archer Armor
30:19 Bow Saw
35:07 Ballistics
35:29 Thumb Ring
36:10 Leather Archer Armor
36:40 Heavy Plow
36:13 Light Cavalry
37:51 Gold Mining
40:50 Hand Cart
44:34 Imperial Age
43:31 Chain Barding Armor
43:46 Iron Casting
44:46 Steppe Husbandry
44:38 Hussar
45:53 Plate Barding Armor
BøM_Sheuu
3:32 Loom
13:38 Feudal Age
17:11 Castle Age
15:18 Double-Bit Axe
18:02 Bow Saw
19:49 Fletching
20:18 Horse Collar
23:01 Bodkin Arrow
24:41 Padded Archer Armor
27:45 Ballistics
29:42 Wheelbarrow
29:43 Heavy Plow
29:46 Gold Mining
31:32 Leather Archer Armor
31:44 Stone Mining
32:01 Husbandry
33:06 Bloodlines
34:53 Town Watch
39:03 Imperial Age
39:51 Bracer
40:53 Chemistry
40:18 Conscription
41:59 Elite Camel Archer
43:46 Hand Cart
43:38 Treadmill Crane
44:48 Ring Archer Armor
43:46 Light Cavalry
45:29 Kasbah
46:11 Stone Shaft Mining
Connection lost

Rejoining the realm…

Still unreachable

The connection could not be restored.

Session expired

The server has moved on; the page needs a fresh start.